 Dungeon Crawl Stone Soup version 0.29-a0-529-gfa20dd96a1 (webtiles) character file.

Game seed: 2874118993414134965

102 xian the Conjurer (level 4, -2/33 HPs)
             Began as a Draconian Conjurer on June 1, 2022.
             Slain by a gnoll
             ... wielding a +0 spear
              (7 damage)
             ... on level 2 of the Dungeon.
             The game lasted 00:04:15 (2213 turns).

xian the Conjurer (Draconian Conjurer)              Turns: 2213, Time: 00:04:16

Health: -2/33      AC:  5    Str:  9    XL:     4   Next: 49%
Magic:  2/7        EV: 12    Int: 20    God:
Gold:   99         SH:  0    Dex: 10    Spells: 4/7 levels left

rFire   . . .      SeeInvis .   g - +1 short sword (elec)
rCold   . . .      Faith    .   (no shield)
rNeg    . . .      Spirit   .   (body armour unavailable)
rPois   .          Reflect  .   (helmet restricted)
rElec   .          Harm     .   (no cloak)
rCorr   .          Rampage  .   (no gloves)
Will    .....                   (no boots)
Stlth   ++........              (no amulet)
HPRegen 0.11/turn               (no ring)
MPRegen 0.10/turn               (no ring)

@: no status effects
A: AC +5, unfitting armour, cold-blooded
a: no special abilities


You were on level 2 of the Dungeon.
You visited 1 branch of the dungeon, and saw 2 of its levels.

You collected 99 gold pieces.

Inventory:

Hand Weapons
 g - a +1 short sword of electrocution (weapon)
Scrolls
 c - 2 scrolls of amnesia
 d - a scroll of teleportation {unknown}
 e - a scroll of identify {unknown}
 f - a scroll of vulnerability {unknown}
 h - a scroll of blinking {unknown}
 i - a scroll of fog {unknown}
 j - a scroll of brand weapon {unknown}
 l - a scroll of enchant armour {unknown}
Potions
 a - a potion of magic
 b - a potion of curing {unknown}
 k - a potion of attraction {unknown}


   Skills:
 + Level 0.5 Short Blades
 + Level 2.2 Dodging
 + Level 2.5 Stealth
 + Level 0.3 Unarmed Combat
 + Level 2.3 Spellcasting
 + Level 5.0 Conjurations


You had 4 spell levels left.
You knew the following spells:

 Your Spells              Type           Power      Damage    Failure   Level
a - Magic Dart            Conj           88%        1d7       1%          1
b - Searing Ray           Conj           44%        2d6       2%          2

Your spell library contained the following spells:

 Spells                   Type           Power      Damage    Failure   Level
 Dazzling Flash           Conj/Hex       24%        N/A       16%         3
 Fulminant Prism          Conj/Hex       6%         3d7       47%         4
 Iskenderun's Mystic Bla  Conj/Tloc      12%        2d5       47%         4


Dungeon Overview and Level Annotations

Branches:
Dungeon (2/15)

Altars:

Shops:
D:2 (


Innate Abilities, Weirdness & Mutations

Your plain brown scales are hard. (AC +5)
You cannot fit into any form of body armour.
You are cold-blooded and may be slowed by cold attacks.


Message History

The gnoll hits you from afar with a +0 spear.
The gnoll barely misses you.
You puncture the gnoll! Lightning courses through the gnoll!
You kill the gnoll!
The gnoll hits you but does no damage.
The gnoll hits you from afar with a +0 spear!
The gnoll barely misses you. The gnoll hits you but does no damage.
You see here a ball python corpse.
The gnoll barely misses you. The gnoll hits you but does no damage.
The magic dart hits the gnoll.
You kill the gnoll!
The gnoll barely misses you. The gnoll barely misses you.
You barely miss the gnoll. The gnoll hits you but does no damage.
You hit the gnoll but do no damage. The gnoll hits you but does no damage.
You hit the gnoll.
The gnoll is moderately wounded.
The gnoll hits you with a +0 spear.
You hit the gnoll.
The gnoll is heavily wounded.
The gnoll misses you.
You barely miss the gnoll.
The gnoll is heavily wounded.
The gnoll barely misses you.
You closely miss the gnoll.
The gnoll is heavily wounded.
The gnoll hits you with a +0 spear.
You hit the gnoll.
The gnoll is severely wounded.
The gnoll hits you with a +0 spear.
You barely miss the gnoll.
The gnoll is severely wounded.
The gnoll hits you with a +0 spear.
* * * LOW HITPOINT WARNING * * *
You hit the gnoll.
The gnoll is almost dead.
The gnoll hits you with a +0 spear!
You die...

#.########.......#####......
#.#.............##...#......
#.#.....##########.#.#.....)
..#.....# #.#.##.....
#....)## #.#........
##.....### ###......
#####...### #....... #.#...#
##....... ####@.# #........
#g)# ###....). #..# #.#....
#######..###### ##......
......#).#..............
......#..#..............
......#..#..............
......#..#..............
#######..########.......


You could see a gnoll.

Vanquished Creatures
  6 gnolls
  A dart slug (D:1)
  3 bats
  3 endoplasms (D:1)
  A giant cockroach (D:1)
  7 hobgoblins
  3 jackals (D:1)
  7 kobolds
  3 ball pythons (D:2)
  4 goblins
  2 rats
40 creatures vanquished.

Vanquished Creatures (others)
  A plant (D:1)
1 creature vanquished.

Grand Total: 41 creatures vanquished

Notes
Turn   | Place    | Note
-------+----------+-------------------------------------------
     0 | D:1      | xian the Draconian Conjurer began the quest for the Orb.
     0 | D:1      | Reached XP level 1. HP: 14/14 MP: 3/3
     1 | D:1      | Noticed an electric eel
   384 | D:1      | Reached XP level 2. HP: 20/20 MP: 0/5
  1183 | D:1      | Reached XP level 3. HP: 26/26 MP: 0/6
  1611 | D:1      | Learned a level 2 spell: Searing Ray
  1629 | D:1      | HP: 1/26 [gnoll/+0 club (1)]
  1950 | D:2      | Reached XP level 4. HP: 33/33 MP: 1/7
  2103 | D:2      | Found Kisywic's Weapon Shop.
  2178 | D:2      | Reached skill level 5 in Conjurations
  2213 | D:2      | Slain by a gnoll

Illustrated notes

Levels and vault maps discovered:
D:1:      arrival_aquarium_a, layout_basic, serial_forest,
          infiniplex_forest_corner_1, infiniplex_forest_lined_corner,
          infiniplex_forest_lined_room_2, infiniplex_forest_zigzag_1,
          infiniplex_forest_lined_room_3, infiniplex_forest_clump_diagonal,
          minmay_3d_cube
D:2:      layout_rooms, serial_co_window_serial, co_window_paths_b,
          co_window_paths_b, co_window_corner_a, co_window_corner_a,
          co_window_cross_1, co_window_paths_a, co_window_paths_b,
          co_window_corner_a, co_window_of_opportunity_a, co_window_broadway_c,
          co_window_cross_2, co_window_unsneaky_path_d, glass_columns_a,
          glass_columns_c, glass_columns_b, serial_shops, shop

Skill      XL: |  1  2  3  4 |
---------------+-------------+-----
Dodging        | 2 |  2.2
Stealth        | 2 |  2.5
Conjurations   | 5 |  5.0
Short Blades   | |  0.5
Unarmed Combat | |  0.3
Spellcasting   | |  2.3

Action                   |  1- 3 |  4- 6 || total
-------------------------+-------+-------++-------
Melee: Unarmed           |    34 |       ||    34
       Tailslap          |     6 |       ||     6
       Rapier            |     6 |       ||     6
       Short sword       |     9 |    12 ||    21
       Punch             |     1 |       ||     1
 Cast: Magic Dart        |    58 |    14 ||    72
       Searing Ray       |     2 |       ||     2
  Use: Scroll            |     1 |       ||     1
Armor: Skin              |    24 |     6 ||    30
Dodge: Dodged            |    48 |     9 ||    57

Table legend: (Time is in decaauts)
 A = Elapsed time spent in this place.
 B = Non-inter-level travel time spent in this place.
 C = Inter-level travel time spent in this place.
 D = Time resting spent in this place.
 E = Time spent auto-exploring this place.
 F = Levels seen in this place.
 G = Mean time per level.
                   A        B        C        D        E       F      G
               +--------+--------+--------+--------+--------+-----+--------+
         Total |   2216 |   2193 |     23 |    342 |   1543 |   2 | 1108.0 |
       Dungeon |   2216 |   2193 |     23 |    342 |   1543 |   2 | 1108.0 |
               +--------+--------+--------+--------+--------+-----+--------+

Top non-repeatable levels by time:
     D:1: 1794 daAuts
     D:2: 422 daAuts
